 Dungeon Crawl Stone Soup version 0.31-a0-214-gb37851dbb3 (webtiles) character file.

Game seed: 4827984707160709556

310 qw the Shooter (level 6, 0/52 HPs)
             Began as a Minotaur Hexslinger on July 1, 2023.
             Slain by a black bear (3 damage)
             ... on level 4 of the Dungeon.
             The game lasted 00:01:18 (3062 turns).

qw the Shooter (Minotaur Hexslinger)                Turns: 3062, Time: 00:01:18

Health: 0/52       AC:  6    Str: 13    XL:     6   Next: 18%
Magic:  6/6        EV: 11    Int: 10    God:
Gold:   225        SH:  5    Dex: 14    Spells: 6/7 levels left

rFire   . . .        Y - +1 sling
rCold   . . .        (no shield)
rNeg    . . .        g - +0 ring mail
rPois   .            (helmet restricted)
rElec   .            (no cloak)
rCorr   .            b - +0 pair of gloves
SInv    .            (no boots)
Will    .....        d - amulet of reflection
Stlth   +            (no ring)
HPRegen 0.28/turn    (no ring)
MPRegen 0.10/turn

%: reflection
@: no status effects
A: horns 2, retaliatory headbutt
a: no special abilities


You were on level 4 of the Dungeon.
You visited 1 branch of the dungeon, and saw 4 of its levels.

You collected 225 gold pieces.


Innate Abilities, Weirdness & Mutations

You have a pair of horns on your head.
You reflexively headbutt those who attack you in melee.


   Skills:
 + Level 3.9 Fighting
 - Level 6.0 Ranged Weapons
 - Level 1.3 Armour
 - Level 2.1 Dodging
 - Level 1.0 Spellcasting
 - Level 2.0 Hexes


You had 6 spell levels left.
You knew the following spells:

 Your Spells              Type           Power      Damage    Failure   Level
a - Slow                  Hex            16%        N/A       32%         1

Your spell library contained the following spells:

 Spells                   Type           Power      Damage    Failure   Level
 Inner Flame              Hex/Fire       2%         N/A       82%         3
 Portal Projectile        Hex/Tloc       4%         N/A       82%         3
 Cause Fear               Hex            2%         N/A       97%         4

Inventory:

Hand Weapons
 Y - a +1 sling (weapon)
Armour
 b - a +0 pair of gloves (worn)
 g - a +0 ring mail (worn)
Jewellery
 d - an amulet of reflection (around neck)
Scrolls
 a - a scroll of identify
Potions
 c - 4 potions of curing
 e - a potion of mutation
 i - a potion of heal wounds {unknown}
 k - a potion of magic {unknown}
 n - a potion of attraction {unknown}

Dungeon Overview and Level Annotations

Branches:
Dungeon (4/15)
 Temple: D:4-7

Altars:
Elyvilon
Zin
The Shining One


Message History

The black bear misses you. You furiously retaliate!
You headbutt the black bear. You block the black bear's attack. x2
The dart slug launches a dart at you. The slug dart hits you.
The black bear goes berserk!
You shoot a sling bullet.
The sling bullet barely misses the black bear.
The black bear bites you! The black bear closely misses you.
You block the black bear's attack.
The dart slug bites you but does no damage.
The black bear bites you but does no damage.
The black bear claws you.
The black bear claws you but does no damage.
You shoot a sling bullet.
The sling bullet barely misses the black bear.
The black bear misses you. You furiously retaliate!
You headbutt the black bear. You block the black bear's attack.
The black bear claws you. The dart slug launches a dart at you.
The slug dart misses you.
You shoot a sling bullet.
The sling bullet hits the black bear but does no damage.
The black bear is almost dead.
The black bear completely misses you.
The black bear claws you but does no damage.
The black bear claws you. The black bear barely misses you.
The black bear claws you.
The black bear claws you but does no damage.
The dart slug bites you but does no damage.
You shoot a sling bullet.
The sling bullet barely misses the black bear.
The black bear bites you!
The black bear claws you but does no damage. x2
The black bear bites you! The black bear barely misses you.
You block the black bear's attack.
The dart slug bites you but does no damage.
You shoot a sling bullet. The sling bullet hits the black bear.
The black bear is almost dead.
You block the black bear's attack.
The black bear claws you but does no damage.
The black bear claws you. The black bear bites you.
You die...

##~~~~~# .......
#.~~~~~## .......
#).~~~~~# (......
#..~~~~~### .......
#...~~~~.... #.#.#.
####...~~~~~... #.....
#......~~~~~..)
##.#.#h##.##...#~~~~...
#.....w@..##....~~~~...
........###.....~~~~<..
.########......#~~~~...
.. #....####~~~~~#
#..##.###.#.. #~~~~~#
#.......)...# #~~~~##
##.#.#.....## ##~~~~#
.........## #~~~~~#
#.#.#.#..## #~~~~~#


You could see a black bear (berserk) and a dart slug.

Vanquished Creatures
  A hound (D:4)
  An iguana (D:4)
  Natasha (thrice) (D:3)
  Terence (D:3)
  An orc wizard (D:3)
  Robin (D:3)
  3 adders
  A dart slug (D:2)
  2 worms (D:2)
  9 orcs (D:3)
  8 bats
  6 endoplasms
  A giant cockroach (D:2)
  12 goblins
  10 hobgoblins
  2 quokkas (D:2)
  6 ball pythons
  3 frilled lizards
  4 kobolds
  5 rats
80 creatures vanquished.

Notes
Turn   | Place    | Note
-------+----------+-------------------------------------------
     0 | D:1      | qw the Minotaur Hexslinger began the quest for the Orb.
     0 | D:1      | Reached XP level 1. HP: 16/16 MP: 1/1
     0 | D:1      | 0 ||| qw: Version: 0.3-a-32-g5962c71
     0 | D:1      | 0 ||| qw: Game counter: 7532
     0 | D:1      | 0 ||| qw: Melee chars always use a shield: true
     0 | D:1      | 0 ||| qw: God list: Okawaru
     0 | D:1      | 0 ||| qw: Allow faded altars: false
     0 | D:1      | 0 ||| qw: Do Orc after clearing Dungeon:15 true
     0 | D:1      | 0 ||| qw: Do second Lair branch before Depths: true
     0 | D:1      | 0 ||| qw: Lair rune preference: random
     0 | D:1      | 0 ||| qw: Goals: Normal
     0 | D:1      | 0 ||| PLANNING D:1-11
   329 | D:1      | Reached skill level 3 in Ranged Weapons
   329 | D:1      | Reached XP level 2. HP: 23/23 MP: 2/2
   668 | D:1      | 668 ||| UPGRADING to +0 ring mail.
   678 | D:1      | 678 ||| DROPPING +0 robe.
   679 | D:1      | 679 ||| UPGRADING to amulet of guardian spirit.
   684 | D:1      | 684 ||| READING 2 scrolls labelled VIUT UZXEGHAN.
   685 | D:1      | 685 ||| DRINKING 2 blue potions.
   723 | D:1      | 723 ||| DROPPING scroll of poison.
   724 | D:1      | 724 ||| DROPPING potion of lignification.
  1145 | D:2      | Reached XP level 3. HP: 29/29 MP: 3/3
  1208 | D:2      | Identified the amulet of Raubieti {RegenMP Int+5}
  1437 | D:2      | 1437 ||| UPGRADING to +0 pair of gloves.
  1442 | D:2      | 1442 ||| UPGRADING to amulet of reflection.
  1452 | D:2      | 1452 ||| DROPPING amulet of guardian spirit.
  1453 | D:2      | 1453 ||| DROPPING amulet of Raubieti {RegenMP Int+5}.
  1454 | D:2      | 1454 ||| READING scroll labelled ITUCOC MEZISH.
  1455 | D:2      | 1455 ||| READING scroll labelled CASEUJ PANACW.
  1507 | D:2      | 1507 ||| READING 2 scrolls labelled MEYROPRODGHE.
  1508 | D:2      | 1508 ||| READING scroll labelled HETWIL WEA.
  1509 | D:2      | 1509 ||| DROPPING scroll of blinking.
  1582 | D:3      | Reached skill level 4 in Ranged Weapons
  1582 | D:3      | Noticed Robin
  1590 | D:3      | Killed Robin
  1591 | D:3      | Reached skill level 1 in Armour
  1611 | D:3      | HP: 6/29 [hobgoblin[Robin] (4)]
  1757 | D:3      | Reached XP level 4. HP: 36/36 MP: 4/4
  1789 | D:3      | Noticed Terence
  1801 | D:3      | Killed Terence
  1834 | D:3      | 1834 ||| FLEEEEING.
  2001 | D:3      | Noticed Natasha
  2015 | D:3      | Killed Natasha
  2016 | D:3      | Reached skill level 5 in Ranged Weapons
  2071 | D:3      | Reached XP level 5. HP: 41/41 MP: 5/5
  2144 | D:3      | Noticed Natasha
  2154 | D:3      | Killed Natasha
  2155 | D:3      | Reached skill level 3 in Fighting
  2498 | D:3      | Noticed Natasha
  2502 | D:3      | Killed Natasha
  2555 | D:3      | 2555 ||| FLEEEEING.
  2690 | D:3      | 2690 ||| FLEEEEING.
  2693 | D:3      | 2693 ||| FLEEEEING.
  2695 | D:3      | 2695 ||| FLEEEEING.
  2696 | D:3      | 2696 ||| FLEEEEING.
  2697 | D:3      | 2697 ||| FLEEEEING.
  2701 | D:3      | 2701 ||| FLEEEEING.
  2702 | D:3      | 2702 ||| FLEEEEING.
  2703 | D:3      | 2703 ||| FLEEEEING.
  2704 | D:3      | 2704 ||| FLEEEEING.
  2705 | D:3      | 2705 ||| FLEEEEING.
  2706 | D:3      | 2706 ||| FLEEEEING.
  2707 | D:3      | 2707 ||| FLEEEEING.
  2708 | D:3      | 2708 ||| FLEEEEING.
  2802 | D:3      | 2802 ||| READING scroll labelled LUADEPY XAETS.
  2803 | D:3      | 2803 ||| DRINKING 5 lumpy coppery potions.
  2804 | D:3      | 2804 ||| READING 3 scrolls of identify.
  2804 | D:3      | 2804 ||| IDENTIFYING metallic puce potion
  2805 | D:3      | 2805 ||| READING 2 scrolls of identify.
  2805 | D:3      | 2805 ||| IDENTIFYING metallic clear potion
  2806 | D:3      | 2806 ||| DROPPING potion of brilliance.
  2829 | D:4      | Reached skill level 6 in Ranged Weapons
  2966 | D:4      | Found a glowing silver altar of Zin.
  2966 | D:4      | Found a glowing golden altar of the Shining One.
  2966 | D:4      | Found a white marble altar of Elyvilon.
  2978 | D:4      | Reached XP level 6. HP: 49/51 MP: 6/6
  3061 | D:4      | HP: 11/52 [black bear (11)]
  3061 | D:4      | HP: 4/52 [black bear (7)]
  3062 | D:4      | Slain by a black bear

Levels and vault maps discovered:
D:1:      dpeg_arrival_leaves_temple_mockup, layout_loops_ring,
          kennysheep_flooded_box
D:2:      minmay_angry_zag, layout_basic
D:3:      layout_basic, minmay_splitting_lines, uniq_terence, uniq_robin,
          uniq_natasha
D:4:      wander_river, layout_rooms, good_gods_mini_temple, serial_shops, shop,
          serial_glass, glass_columns_a, glass_columns_b, glass_columns_a,
          glass_columns_c, glass_columns_a, glass_columns_b,
          minmay_strange_pillars, feat_on_display, minmay_strange_pillars

Skill      XL: |  1  2  3  4  5 |
---------------+----------------+-----
Ranged Weapons | 3 4 5 6 |  6.0
Fighting       | 2 3 |  3.9
Armour         | 1 |  1.3
Dodging        | |  2.1
Spellcasting   | |  1.0
Hexes          | |  2.0

Action                     |  1- 3 |  4- 6 || total
---------------------------+-------+-------++-------
   Fire: Sling             |   131 |   169 ||   300
    Use: Scroll            |     5 |     3 ||     8
         Potion            |     1 |     1 ||     2
 Armour: Ring mail         |    27 |    34 ||    61
         Robe              |     1 |       ||     1
  Dodge: Dodged            |    58 |    49 ||   107
  Block: Other             |     7 |    32 ||    39
         Reflection        |       |     1 ||     1

Table legend:
 A = Non-vault XP
 B = Vault XP
 C = Vault XP percentage of total XP
 D = Non-vault monster count
 E = Vault monster count
 F = Vault count percentage of total count
                 A         B        C        D         E       F
            +---------+---------+-------+---------+---------+-------
      Total |     330 |     114 |  25.7 |      64 |      16 |  20.0
            +---------+---------+-------+---------+---------+-------
        D:1 |      21 |       0 |   0.0 |      14 |       0 |   0.0
        D:2 |      34 |       8 |  19.0 |      19 |       3 |  13.6
        D:3 |     161 |     106 |  39.7 |      22 |      13 |  37.1
        D:4 |     114 |       0 |   0.0 |       9 |       0 |   0.0
            +---------+---------+-------+---------+---------+-------
